cohdb
Replays
Latest Replays
All Replays
Popular Replays
Top Player Replays
Match Explorer
How It Works
Community
CoH3 Stats
Reddit
Sign in to upload your games and track your stats! →
Sign in with Steam
Match 44014822
Unlisted
Match 44014822
Overview
Messages
Build Orders
End
Kettenkrad Recon Vehicle
Construct Infanterie Kompanie
Selects Breakthrough Battlegroup
Grenadier Squad
Selects Assault Grenadiers
Grenadier Squad
MG 42 Machine Gun Team
GrW 34 Mortar Team
Selects Breakthrough
Medical Bunker
Grenadier Squad
Construct Panzergrenadier Kompanie
Infanterie Officer Quarters
Pak 40 Anti-tank Gun Team
Selects Mechanized Assault Group
Pak 40 Anti-tank Gun Team
Selects Rapid Production
Mechanized Assault Group
Mechanized Assault Group
Selects Blitzkrieg
Pak 40 Anti-tank Gun Team
Selects Tiger Heavy Tank
Tiger Heavy Tank
Breakthrough
Pioneer Squad
Breakthrough
Pioneer Squad
pagep
Not sure what i'm doing
0
0
Comments
sign in to comment!
No comments posted yet!